 Dungeon Sprint DCSS version 0.23.0-42-geed6394480 (webtiles) character file.

Game seed: 16615400043073530047

607 Lukash93rus the Fighter (level 7, -2/72 HPs)
             Began as a Hill Orc Fighter on Feb 28, 2019.
             Succumbed to Sonja's curare-tipped needle
             ... in the Dungeon (Sprint I: "Red Sonja").
             The game lasted 00:12:40 (1042 turns).

Lukash93rus the Fighter (Hill Orc Fighter)          Turns: 1042, Time: 00:12:41

Health: -2/72      AC:  8    Str: 21    XL:     7   Next: 43%
Magic:  7/7        EV:  9    Int:  8    God:
Gold:   297        SH: 11    Dex: 10    Spells: 6/6 levels left

rFire    . . .     SeeInvis .   l - +5 club
rCold    . . .     Gourm    .   c - +0 shield
rNeg     . . .     Faith    .   b - +0 scale mail
rPois    .         Spirit   .   (no helmet)
rElec    .         Reflect  .   (no cloak)
rCorr    .         Harm     .   (no gloves)
MR       .....     NoTele   +   (no boots)
Stlth    ..........             (no amulet)
HPRegen  0.22/turn              (no ring)
MPRegen  0.10/turn              (no ring)

@: lethally poisoned (-2 -> -31), slowed, very slow
A: no striking features
a: no special abilities


You were in the Dungeon.
You were not hungry.

You visited 1 branch You collected 297 gold pieces.

Inventory:

Hand Weapons
 a - a +0 war axe
 l - a +5 club (weapon)
 n - a +0 giant club
 o - a +0 scythe
Missiles
 r - 25 sling bullets
Armour
 b - a +0 scale mail (worn)
 c - a +0 shield (worn)
 m - a +0 leather armour
 p - a cursed +0 robe
Wands
 q - a wand of paralysis (9)
Scrolls
 k - a scroll of blinking
Potions
 d - a potion of might
 g - a potion of heal wounds
 h - a potion of haste
 i - 2 potions of magic
 j - a potion of berserk rage
Comestibles
 f - a ration


   Skills:
 + Level 10.1 Fighting
 + Level 8.9(9.1) Axes
 - Level 1.8(5.0) Maces & Flails
 + Level 9.6 Armour
 - Level 1.0 Dodging
 + Level 1.4 Stealth
 + Level 9.1 Shields


You had 6 spell levels left.
You didn't know any spells.
Your spell library was empty.

Dungeon Overview and Level Annotations

Branches:
Dungeon (1/1)

Altars:
Cheibriados
Dithmenos
Elyvilon
Fedhas
Gozag
Hepliaklqana
Kikubaaqudgha
Makhleb
Nemelex Xobeh
Okawaru
Qazlal
Ru
Sif Muna
Trog
Uskayaw
Vehumet
Wu Jian
Xom
Yredelemnul
Zin
The Shining One
Jiyva
Lugonu

Shops:
D (

Annotations:
D Sonja


Message History

Sonja shoots a curare-tipped needle.
The curare-tipped needle hits you.
You are poisoned.
You have difficulty breathing.
You feel yourself slow down.
Sonja shoots a curare-tipped needle.
The curare-tipped needle hits you.
You are more poisoned.
You have difficulty breathing.
You feel as though you will be slow longer.
There is an open door, spattered with blood here.
You see here 2 curare-tipped needles.
You feel very sick.
Sonja unwields a +5 blowgun.
Sonja wields a +0 dagger of distortion.
Its appearance distorts for a moment.
Sonja barely misses you.
You block Sonja's attack. x2; Sonja barely misses you.
Sonja hits you with a +0 dagger of distortion.
Sonja hits you but does no damage. Space warps horribly around you!!
* * * LOW HITPOINT WARNING * * *
Sonja closely misses you. You block Sonja's attack. Sonja closely misses you.
Your scale mail prevents you from hitting Sonja.
Sonja is lightly wounded.
You die...

###################
#<.#..'÷.#..'..#__#
#..'..#..'†.#..'..+
#..#####'#####'#__#
#..####..#...#.####
#..#__####..##.#
#..#_____##'#_.+
#⌠⌠#_.∩...'.K._#
####_..__##_@#+#
#_____###(# #######
#.# $.$ #$.$# ##.##
#+#


You could see Sonja.

Vanquished Creatures
  A slime creature (D)
  Sigmund (D)
  A yak (D)
  An ogre (D)
  A jelly (D)
  Ijyb (D)
6 creatures vanquished.

Notes
Turn   | Place    | Note
-------+----------+-------------------------------------------
     0 | D        | Lukash93rus the Hill Orc Fighter began the quest for the
                  | Orb.
     0 | D        | Reached XP level 1. HP: 19/19 MP: 1/1
     5 | D        | Noticed Ijyb
    19 | D        | Killed Ijyb
    19 | D        | Reached skill level 5 in Fighting
    19 | D        | Reached XP level 2. HP: 8/29 MP: 2/2
    19 | D        | Reached XP level 3. HP: 10/36 MP: 3/3
   235 | D        | Noticed an ogre
   241 | D        | HP: 1/36 [ogre/+0 giant club (12)]
   242 | D        | Killed an ogre
   242 | D        | Reached skill level 6 in Fighting
   242 | D        | Reached skill level 5 in Axes
   242 | D        | Reached XP level 4. HP: 1/45 MP: 4/4
   546 | D        | Noticed Sigmund
   557 | D        | Killed Sigmund
   557 | D        | Reached skill level 8 in Fighting
   557 | D        | Reached skill level 1 in Maces & Flails
   557 | D        | Reached XP level 5. HP: 36/56 MP: 5/5
   557 | D        | Reached XP level 6. HP: 40/62 MP: 6/6
   681 | D        | Found a burning altar of Makhleb.
   681 | D        | Found a viscous altar of Jiyva.
   681 | D        | Found a shimmering altar of Xom.
   681 | D        | Found a corrupted altar of Lugonu.
   681 | D        | Noticed a slime creature
   692 | D        | Killed a slime creature
   692 | D        | Reached skill level 9 in Fighting
   692 | D        | Reached skill level 1 in Stealth
   692 | D        | Reached XP level 7. HP: 37/70 MP: 7/7
   957 | D        | Found an ornate altar of the Wu Jian Council.
   957 | D        | Found a deep blue altar of Sif Muna.
   959 | D        | Found a radiant altar of Vehumet.
   991 | D        | Found Muidgh's Weapon Emporium.
   991 | D        | Found an ancient bone altar of Kikubaaqudgha.
   991 | D        | Found a hazy altar of Hepliaklqana.
   991 | D        | Found a stormy altar of Qazlal.
   991 | D        | Found a hide-covered altar of Uskayaw.
   991 | D        | Found a blossoming altar of Fedhas.
   991 | D        | Found a bloodstained altar of Trog.
   991 | D        | Found an iron altar of Okawaru.
   991 | D        | Found a basalt altar of Yredelemnul.
   991 | D        | Found a glowing golden altar of the Shining One.
   991 | D        | Found a snail-covered altar of Cheibriados.
   991 | D        | Found a sacrificial altar of Ru.
   991 | D        | Found a glowing silver altar of Zin.
   991 | D        | Found a shadowy altar of Dithmenos.
   991 | D        | Found a white marble altar of Elyvilon.
   991 | D        | Noticed a yak
  1005 | D        | Killed a yak
  1005 | D        | Reached skill level 10 in Fighting
  1005 | D        | Reached skill level 1 in Dodging
  1006 | D        | Found an opulent altar of Gozag.
  1007 | D        | Found a sparkling altar of Nemelex Xobeh.
  1035 | D        | Noticed Sonja
  1041 | D        | HP: 1/72 [Sonja/+0 dagger of distortion (21)]
  1042 | D        | Succumbed to Sonja's curare-tipped needle

Skill      XL: |  1  2  3  4  5  6  7 |
---------------+----------------------+-----
Fighting       | 5 6 8 9 10 | 10.1
Axes           | 4 5 7 8 |  8.9
Armour         | 4 6 7 9 |  9.6
Shields        | 4 6 7 8 9 |  9.1
Maces & Flails | 1 |  1.8
Stealth        | 1 |  1.4
Dodging        | 1 |  1.0

Action                   |  1- 3 |  4- 6 |  7- 9 || total
-------------------------+-------+-------+-------++-------
Melee: War axe           |    19 |       |       ||    19
       Club              |       |    20 |    21 ||    41
  Use: Potion            |       |       |     1 ||     1
Armor: Scale mail        |     5 |     1 |     9 ||    15
Dodge: Dodged            |     1 |     5 |    10 ||    16
Block: Shield            |     8 |     6 |    16 ||    30
